 Dungeon Crawl Stone Soup version 0.31-a0-1603-gbec6b6ccbf (console) character file.

Game seed: 12545086705176550145

81 Banquo the Magician (level 4, -15/33 HPs)
             Began as a Djinni Air Elementalist on Jan 8, 2024.
             Demolished by an orc priest
             ... wielding a +2 dagger of distortion
              (21 damage)
             ... on level 3 of the Dungeon.
             The game lasted 00:04:26 (2258 turns).

Banquo the Magician (Djinni Air Elementalist)       Turns: 2258, Time: 00:04:27

Health: -15/33     AC:  6    Str:  7    XL:     4   Next: 67%
Gold:   48         EV: 12    Int: 18    God:
                   SH:  0    Dex: 14

rFire   + + .        n - +2 dagger (holy)
rCold   + + .        (no shield)
rNeg    . . .        l - +3 leather armour {rC+}
rPois   ∞            (no helmet)
rElec   .            (no cloak)
rCorr   .            (no gloves)
SInv    .            (boots unavailable)
Will    .....        (no amulet)
Stlth   ++           C - ring of protection from cold
HPRegen 0.25/turn    p - ring of protection from cold
MPRegen 0.00/turn

%: infuse magic (-16 HP)
@: flying
A: sickness immunity, fire resistance 2, cold vulnerability 1, float, innate
caster, HP casting, extra vitality 1
a: no special abilities


You were on level 3 of the Dungeon.
You visited 1 branch of the dungeon, and saw 3 of its levels.

You collected 48 gold pieces.

Inventory:

Hand Weapons
 b - a +0 flail
 f - a +0 short sword
 n - a +2 dagger of holy wrath (weapon)
Missiles
 c - 31 stones
Armour
 a - a +0 robe
 l - a +3 leather armour of cold resistance (worn)
Jewellery
 p - a ring of protection from cold (right hand)
 C - a ring of protection from cold (left hand)
Wands
 m - a wand of roots (5)
Scrolls
 h - 4 scrolls of identify {unknown}
 j - 3 scrolls of enchant armour {unknown}
 s - a scroll of amnesia {unknown}
 t - a scroll of teleportation {unknown}
Potions
 d - a potion of degeneration {unknown}
 e - 2 potions of curing {unknown}
 g - a potion of lignification {unknown}
 i - a potion of might {unknown}
 k - a potion of ambrosia {unknown}
 o - a potion of enlightenment {unknown}
 q - 2 potions of mutation {unknown}
 r - a potion of haste {unknown}


   Skills:
 * Level 2.2 Fighting
 * Level 0.9 Armour
 * Level 2.5 Dodging
 - Level 1.5 Stealth
 * Level 3.7 Spellcasting
 * Level 3.7 Conjurations
 * Level 3.7 Hexes
 * Level 3.7 Summonings
 * Level 3.7 Necromancy
 * Level 3.7 Translocations
 * Level 3.7 Fire Magic
 * Level 3.7 Ice Magic
 * Level 3.7 Air Magic
 * Level 3.7 Earth Magic
 * Level 3.7 Alchemy


You knew the following spells:

 Your Spells              Type           Power      Damage    Failure   Level
a - Shock                 Conj/Air       64%        1d7       4%          1
b - Static Discharge      Conj/Air       32%        3-5/arc   8%          2
c - Swiftness             Air            16%        N/A       14%         3
d - Airstrike             Air            8%         2d(2-18)  43%         4
e - Necrotise             Necr           64%        1d7       4%          1
Your spell library was empty.

Dungeon Overview and Level Annotations

Branches:
Dungeon (3/15)

Altars:
Cheibriados

Shops:
D:1 ![[:


Innate Abilities, Weirdness & Mutations

You are immune to sickness and miasma.
You are immune to poison.
Your flesh is very heat resistant. (rF++)
You are vulnerable to cold. (rC-)
You float through the air rather than walking.
You learn spells naturally, not from books.
Your magical power is your life essence.
You have superior vitality. (+4 MHP)


Message History

Casting: Shock (safe; 4% risk of failure)
Confirm with . or Enter, or press ? or * to list all spells.
Aiming: Shock (safe; 4% risk of failure)
Press: ? - help, Shift-Dir - straight line, f/p - orc priest
Aim: an orc priest, wielding a +2 dagger of distortion (moderately wounded, 71% to hit)
The zap hits the orc priest.
The orc priest is heavily wounded.
Casting: Shock (safe; 4% risk of failure)
Confirm with . or Enter, or press ? or * to list all spells.
Aiming: Shock (safe; 4% risk of failure)
Press: ? - help, Shift-Dir - straight line, f/p - orc priest
Aim: an orc priest, wielding a +2 dagger of distortion (heavily wounded, 71% to hit)
The zap hits the orc priest.
The orc priest is severely wounded.
Casting: Shock (safe; 4% risk of failure)
Confirm with . or Enter, or press ? or * to list all spells.
Aiming: Shock (safe; 4% risk of failure)
Press: ? - help, Shift-Dir - straight line, f/p - orc priest
Aim: an orc priest, wielding a +2 dagger of distortion (severely wounded, 71% to hit)
The zap hits the orc priest.
The orc priest is severely wounded.
An endoplasm comes into view.
The orc priest hits you but does no damage.
Space warps horribly around you!
* * * LOW HITPOINT WARNING * * *
Casting: Shock (safe; 4% risk of failure)
Confirm with . or Enter, or press ? or * to list all spells.
Aiming: Shock (safe; 4% risk of failure)
Press: ? - help, Shift-Dir - straight line, f - endoplasm, p - orc priest
Aim: an endoplasm (wandering, hasn't noticed you, 98% to hit)
The zap hits the orc priest.
The orc priest is almost dead.
The zap hits the endoplasm.
The endoplasm is heavily wounded.
The endoplasm quivers.
* * * LOW HITPOINT WARNING * * *
The orc priest hits you but does no damage.
Space warps horribly around you!!
Ouch! That really hurt!
You die...

###.......# .......
#....####.#
.......##.##..###.#
......!#..........#
J......#.###.###..#
.......#.# #.# #..#
.......#.###+###..#
...^..o#...+S###.##
.......@.# #+###.#
.......#.# #.# #.#
########.###.###.#
#.........#
##.##.##### #....#
#.#### #.# #.#


You could see an orc priest and an endoplasm.

Vanquished Creatures
  2 adders (D:2)
  2 dart slugs
  A ribbon worm (D:2)
  4 orcs (D:3)
  4 endoplasms
  2 giant cockroaches
  3 goblins
  5 hobgoblins (D:1)
  3 jackals (D:3)
  6 kobolds
  3 quokkas
  3 ball pythons
  4 bats
  3 frilled lizards
  5 rats (D:1)
50 creatures vanquished.

Notes
Turn   | Place    | Note
-------+----------+-------------------------------------------
     0 | D:1      | Banquo the Djinni Air Elementalist began the quest for the
                  | Orb.
     0 | D:1      | Banquo set off with the following spells memorised: Shock,
                  | Static Discharge, Swiftness, Airstrike.
     0 | D:1      | Reached XP level 1. HP: 15/15 MP: 0/0
    92 | D:1      | Found Rothez's Antique Armour Boutique.
   139 | D:1      | Reached XP level 2. HP: 21/22 MP: 0/0
   169 | D:1      | Reached skill level 1 in Fighting
   172 | D:1      | Found Ycsiytad's Distillery.
   206 | D:1      | Found Codim's Antique Armour Shop.
   326 | D:1      | Found Ariuna's Book Boutique.
   399 | D:1      | Reached XP level 3. HP: 24/27 MP: 0/0
   399 | D:1      | Learned a level 1 spell: Necrotise
  1292 | D:2      | Reached XP level 4. HP: 32/33 MP: 0/0
  2218 | D:3      | Found a snail-covered altar of Cheibriados.
  2258 | D:3      | Demolished by an orc priest

Illustrated notes

Levels and vault maps discovered:
D:1:      dpeg_cavernosity, layout_basic, serial_shops,
          nicolae_book_shop_shelving, nicolae_shop_waterfront, shop, shop,
          serial_glass, glass_columns_a, glass_columns_a, glass_columns_b,
          glass_columns_b, glass_columns_a, glass_columns_a, glass_columns_b,
          glass_columns_a, glass_columns_a, glass_columns_c
D:2:      layout_basic
D:3:      minmay_bubble_buster, layout_basic, lemuel_doored_altar

Skill      XL: |  1  2  3 |
---------------+----------+-----
Fighting       | 1 2 |  2.2
Armour         | |  0.9
Dodging        | |  2.5
Stealth        | |  1.5
Spellcasting   | |  3.7
Conjurations   | |  3.7
Hexes          | |  3.7
Summonings     | |  3.7
Necromancy     | |  3.7
Translocations | |  3.7
Fire Magic     | |  3.7
Ice Magic      | |  3.7
Air Magic      | |  3.7
Earth Magic    | |  3.7
Alchemy        | |  3.7

Action                     |  1- 3 |  4- 6 || total
---------------------------+-------+-------++-------
  Melee: Short sword       |     4 |       ||     4
   Cast: Shock             |    68 |    45 ||   113
 Armour: Robe              |     7 |       ||     7
         Leather armour    |     2 |     3 ||     5
  Dodge: Dodged            |    14 |     2 ||    16

Table legend: (Time is in decaauts)
 A = Elapsed time spent in this place.
 B = Non-inter-level travel time spent in this place.
 C = Inter-level travel time spent in this place.
 D = Time resting spent in this place.
 E = Time spent auto-exploring this place.
 F = Levels seen in this place.
 G = Mean time per level.
                   A        B        C        D        E       F      G
               +--------+--------+--------+--------+--------+-----+--------+
         Total |   2256 |   2056 |    200 |     81 |   1679 |   3 |  752.0 |
       Dungeon |   2256 |   2056 |    200 |     81 |   1679 |   3 |  752.0 |
               +--------+--------+--------+--------+--------+-----+--------+

Top non-repeatable levels by time:
     D:1: 1059 daAuts
     D:2: 982 daAuts
     D:3: 214 daAuts
